 Dungeon Sprint DCSS version 0.19.4-9-g45fd643 (webtiles) character file.

37 equalderp2856 the Scratcher (level 3, 0/18 HPs)
             Began as a Felid Fighter on Feb 15, 2017.
             Slain by an orc
             ... wielding a +0 hand axe
              (2 damage)
             ... in the Dungeon (Sprint IX: "|||||||||||||||||||||||||||||").
             The game lasted 00:00:10 (42 turns).

equalderp2856 the Scratcher (Felid Fighter)           Turns: 42, Time: 00:00:11

Health: 0/18       AC:  1    Str: 13    XL:     3   Next: 23%
Magic:  4/4        EV: 20    Int:  9    God:
Gold:   0          SH:  0    Dex: 15    Spells: 0 memorised, 2 levels left
                                        Lives:  0   Deaths: 0

rFire  . . .     SeeInvis +       - Unarmed
rCold  . . .     Gourm    .     (armour unavailable)
rNeg   . . .     Faith    .     (shield unavailable)
rPois  .         Spirit   .     (helmet unavailable)
rElec  .         Reflect  .     (cloak unavailable)
rCorr  .         Harm     .     (gloves unavailable)
MR     .....     NoTele   +     (boots unavailable)
Stlth  ++........               (no amulet)
                                (no ring)
                                (no ring)

@: quick
A: no armour, no weapons or thrown items, stealth, claws 1, fangs 3, see
invisible, carnivore 3, speed 1, shaggy fur 1, slow metabolism 1, sharp paws
a: no special abilities


You were in the Dungeon.
You were not hungry.

You visited 1 branch

Inventory:

Scrolls
 h - a scroll of blinking
Potions
 a - a potion of might
 c - a potion of curing
 d - a potion of heal wounds
 e - a potion of haste
 f - 2 potions of magic
 g - a potion of berserk rage
Comestibles
 b - a meat ration


   Skills:
 + Level 4.2 Fighting
 + Level 5.2 Dodging
 + Level 1.5 Stealth
 + Level 6.3 Unarmed Combat


You had 2 spell levels left.
You didn't know any spells.

Dungeon Overview and Level Annotations

Branches:
Dungeon (1/1)

Altars:


Innate Abilities, Weirdness & Mutations

You cannot wear armour.
You are incapable of wielding weapons or throwing items.
Your paws allow you to move quietly. (Stealth)
You have sharp claws.
You have razor-sharp teeth.
You have supernaturally acute eyesight. (SInv)
You are carnivorous and can eat meat at any time.
You cover ground quickly.
You are covered in fur. (AC +1)
You have a slow metabolism.
Your sharp claws are effective at attacking unaware monsters.


Message History

You barely miss the crimson imp.
You bite the crimson imp, but do no damage.
The orc barely misses you. The crimson imp closely misses you.
Unknown command.
You scratch the crimson imp.
The crimson imp is moderately wounded.
The orc misses you. The crimson imp misses you.
You scratch the crimson imp.
The crimson imp is severely wounded.
The orc misses you.
The crimson imp blinks!
You closely miss the crimson imp.
The crimson imp is severely wounded.
The crimson imp barely misses you. The orc closely misses you.
You scratch the orc. Your bite misses the orc.
The orc is severely wounded.
The crimson imp closely misses you.
You scratch the orc but do no damage.
The orc is severely wounded.
The orc hits you with a hand axe.
You die... ▓▓▓▓▓▓▓▓▓▓▓▓▓▓▓▓▓▓ +....5o@55.†'...<▓ ▓▓▓▓▓▓▓▓▓▓▓▓▓▓▓▓▓▓

You could see 3 crimson imps and an orc.

Vanquished Creatures
  A hound (D)
  A dart slug (D)
  2 leopard geckos (D)
  A frilled lizard (D)
  A rat (D)
6 creatures vanquished.

Vanquished Creatures (others)
  A spatial maelstrom (D)
1 creature vanquished.

Grand Total: 7 creatures vanquished

Notes
Turn   | Place    | Note
-------+----------+-------------------------------------------
     0 | D        | equalderp2856 the Felid Fighter began the quest for the Orb.
     0 | D        | Reached XP level 1. HP: 10/10 MP: 2/2
     7 | D        | Banished a spatial maelstrom
    15 | D        | Reached skill level 5 in Unarmed Combat
    15 | D        | Reached XP level 2. HP: 14/14 MP: 3/3
    21 | D        | Noticed a crimson imp
    21 | D        | Noticed a crimson imp
    21 | D        | Noticed a crimson imp
    31 | D        | Reached skill level 5 in Dodging
    31 | D        | Reached skill level 1 in Stealth
    31 | D        | Reached skill level 6 in Unarmed Combat
    31 | D        | Reached XP level 3. HP: 3/18 MP: 4/4
    42 | D        | Slain by an orc

Skill      XL: |  1  2 |
---------------+-------+-----
Unarmed Combat | 5 6 |  6.3
Fighting       | 4 |  4.2
Dodging        | 5 |  5.2
Stealth        | 1 |  1.5

Action                   || total
-------------------------++-------
Melee: Unarmed           ||    32
       Bite              ||     3
 Stab: Sleeping          ||     1
Armor: Skin              ||     1
Dodge: Dodged            ||    35
